[Event "Early-Titled-Tuesday-Blitz-October-10-2023"]
[Site "Chess.com"]
[Date "2023.10.10"]
[Round "5"]
[White "ylr5000"]
[Black "draksbg"]
[Result "0-1"]
[WhiteElo "2462"]
[BlackElo "2601"]
[TimeControl "180+1"]
[EndTime "8:54:47 PDT"]
[Termination "draksbg won by resignation"]

1. d4 Nf6 2. Nf3 g6 3. g3 Bg7 4. Bg2 O-O 5. O-O d6 6. b3 c6 7. Nbd2 Nbd7 8. Bb2 e5 9. dxe5 Ng4 10. e4 Ngxe5 11.
Nxe5 Nxe5 12. Qc1 Qe7 13. f4 Ng4 14. Bxg7 Kxg7 15. Qb2+ Qf6 16. Qxf6+ Nxf6 17. Nc4 d5 18. exd5 cxd5 19. Nd6 Rd8 20. Nb5 Bf5 21. Nd4 Be4 22.
Rad1 Rac8 23. Rd2 a6 24. Re1 Rc3 25. Bxe4 Nxe4 26. Rdd1 Rdc8 27. Re2 Kf6 28. Kg2 h5 29. a4 R8c5 30. Rde1 Rc7 31. Rd1 h4 32. gxh4 Rc8 33. Rd3 R3c5 34. Rh3 Rh8 35. Nf3 Rc3 36. Ng5 Rxh3 37.
Kxh3 Kf5 38. Nxf7 Rc8 39. Ne5 Kxf4 40. Nxg6+ Kf3 41. Rg2 Nf2+ 42. Rxf2+ Kxf2 43. h5 Rxc2 44. h6 Rc7 45. Kg4 d4 46. Ne5 Re7 47. Kf5 Ke3 48.
Kf6 Rc7 49. Kg6 Ke4 50. Nf7 Rc6+ 51. Kg5 Rc5+ 52. Kg4 Ke3 53. h7 Rc8 54. h8=Q Rxh8 55. Nxh8 d3 56. Nf7 d2 0-1

[Event "Early-Titled-Tuesday-Blitz-October-10-2023"]
[Site "Chess.com"]
[Date "2023.10.10"]
[Round "5"]
[White "Vision_64"]
[Black "Alina_Gumerovna"]
[Result "0-1"]
[WhiteElo "2334"]
[BlackElo "2109"]
[TimeControl "180+1"]
[EndTime "8:54:47 PDT"]
[Termination "Alina_Gumerovna won by checkmate"]

1. e4 e6 2. d4 d5 3. Bd3 dxe4 4. Bxe4 Nf6 5. Bf3 c5 6. Ne2 cxd4 7. Qxd4 Qxd4 8.
Nxd4 a6 9. Nc3 Be7 10. Be3 O-O 11. O-O Nbd7 12. Rfe1 Rd8 13. Bg5 h6 14. Bh4 Nf8 15.
Nf5 exf5 16. Rxe7 g5 17. Bg3 f4 18. Rf1 Ng6 19. Rc7 Ne8 20. Rc5 Rb8 21. Bd5 Be6 22. Be4 Nf6 23. Bd3 Rbc8 24. Ra5 Bc4 25. h4 Bxd3 26. cxd3 fxg3 27. fxg3 Nh7 28. h5 Ngf8 29.
Raf5 Rc7 30. Nd5 Rcd7 31. Nb6 Rd6 32. Nc4 Rxd3 33. Rxf7 Rxg3 34. Rxb7 Rd7 35. Rb8 Rf7 36. Re1 Rc7 37. b3 Rd3 38. Re6 Rd2 39. Nxd2 Rc1+ 40.
Kh2 Rc2 41. Nc4 Kg7 42. Re7+ Kf6 43. Ra7 g4 44. Rxa6+ Kg5 45. Rb5+ Kf4 46. Ra7 g3+ 47. Kh3 Ng5+ 48. Kh4 Rxg2 49. Rxg5 hxg5+ 50. Kh3 Rh2# 0-1

[Event "Early-Titled-Tuesday-Blitz-October-10-2023"]
[Site "Chess.com"]
[Date "2023.10.10"]
[Round "5"]
[White "MdChess1734"]
[Black "Ishowmoves57"]
[Result "1-0"]
[WhiteElo "2387"]
[BlackElo "2180"]
[TimeControl "180+1"]
[EndTime "8:54:49 PDT"]
[Termination "MdChess1734 won by checkmate"]

1. e4 c5 2. Nf3 Nc6 3. d4 cxd4 4. Nxd4 e5 5. Nb5 d6 6. N1c3 a6 7. Na3 b5 8. Nd5 Be7 9. c3 Nf6 10. Nxf6+ Bxf6 11. Nc2 O-O 12. Ne3 Ne7 13. g3 Bb7 14. Bg2 Bg5 15. O-O Bxe3 16. Bxe3 d5 17. Bc5 Re8 18.
a4 dxe4 19. Qxd8 Raxd8 20. axb5 axb5 21. Ra7 Rd5 22. Bxe7 Rxe7 23. Bxe4 Rdd7 24. Bxb7 g6 25. Ra8+ Kg7 26. Bc6 Rd2 27. Ra2 e4 28. Re1 f5 29.
Bxb5 f4 30. gxf4 Rc7 31. c4 Rc5 32. Rxe4 g5 33. Kg2 gxf4 34. Kf3 Rd3+ 35. Ke2 Rh3 36. Ra7+ Kh6 37. Ra6+ Kg5 38. Rae6 Rxh2 39. b4 Rf5 40. c5 f3+ 41. Ke3 Rh1 42. c6 Re1+ 43. Kd2 Rb1 44.
c7 Rb2+ 45. Kc3 Rb1 46. Kc2 Rxb4 47. Rxb4 Rc5+ 48. Rc4 Rxc7 49. Rxc7 Kf4 50. Bc4 h5 51. Rf7+ Kg5 52. Bd3 h4 53. Rg6+ Kh5 54. Rh7# 1-0

[Event "Early-Titled-Tuesday-Blitz-October-10-2023"]
[Site "Chess.com"]
[Date "2023.10.10"]
[Round "5"]
[White "CheckThis4"]
[Black "nihalsarin"]
[Result "0-1"]
[WhiteElo "2722"]
[BlackElo "3130"]
[TimeControl "180+1"]
[EndTime "8:54:50 PDT"]
[Termination "nihalsarin won by resignation"]

1. e4 b6 2. d4 e6 3. Nc3 g6 4.
Be3 Bb7 5. Qd2 h6 6. h4 Bg7 7. h5 g5 8. f4 gxf4 9. Bxf4 Nf6 10. e5 Ne4 11. Nxe4 Bxe4 12. Nf3 Nc6 13. O-O-O Qe7 14.
Bd3 Bxd3 15. Qxd3 O-O-O 16. Qa6+ Kb8 17. a3 f6 18. Rhe1 Rhf8 19. g3 fxe5 20. Nxe5 Bxe5 21.
dxe5 Rf5 22. Re4 Rxh5 23. Ra4 Qc5 24. Kb1 Rh2 25. Qd3 a5 26. Rc4 Nxe5 27. Rxc5 Nxd3 28. Bxc7+ Kc8 29. Bxd8+ Nxc5 30. Bxb6 Ne4 31. Bxa5 Nxg3 32. a4 h5 33. Bb6 h4 34. a5 Rh1 35. Rxh1 Nxh1 36.
a6 h3 37. Bg1 Nf2 38. b4 Ng4 39. b5 h2 40. Bxh2 Nxh2 41. b6 Nf3 42. Kb2 e5 43. Kc3 e4 44. Kc4 Kb8 45. b7 d5+ 46. Kxd5 e3 47. Kc6 Ne5+ 48. Kb6 Nc4+ 49. Kc6 Na5+ 50. Kb6 Nxb7 51. axb7 e2 52. c4 e1=Q 53. c5 Qb4+ 54.
Kc6 Qxb7+ 55. Kd6 Qc7+ 56. Kd5 Kb7 57. Kc4 Qc6 58. Kb3 Kc7 0-1

[Event "Early-Titled-Tuesday-Blitz-October-10-2023"]
[Site "Chess.com"]
[Date "2023.10.10"]
[Round "5"]
[White "Artemiki"]
[Black "Doomfist26"]
[Result "0-1"]
[WhiteElo "2304"]
[BlackElo "2616"]
[TimeControl "180+1"]
[EndTime "8:54:54 PDT"]
[Termination "Doomfist26 won on time"]

1. e4 e6 2. d4 d5 3. Nc3 Nf6 4. e5 Nfd7 5. f4 c5 6. Nf3 Nc6 7. Be3 Be7 8. Be2 O-O 9. O-O a6 10. Qd2 b5 11. a3 Qb6 12. Rad1 cxd4 13. Nxd4 Bc5 14. b4 Bxd4 15. Bxd4 Nxd4 16. Qxd4 Bb7 17. Qxb6 Nxb6 18. Bd3 Rac8 19. Ne2 Rfd8 20. c3 Na4 21. Rc1 Nb2 22. Bb1 Nc4 23. Rf3 d4 24. Rh3 Nxa3 25.
Bxh7+ Kf8 26. cxd4 Rxc1+ 27. Nxc1 Rxd4 28. Bd3 Rxb4 29. Rh8+ Ke7 30. Rb8 Bd5 31. Ne2 Rb3 32. Bh7 Rb2 33.
Nc3 Bxg2 34. Be4 Bxe4 35. Nxe4 Nc4 36. Rb7+ Ke8 37. Rb8+ Kd7 38. Rb7+ Kc6 39. Rxf7 Kd5 40. Ng5 a5 41. Rd7+ Kc6 42. Rxg7 a4 43. Nxe6 a3 44. Nd4+ Kd5 45. Rd7+ Kc5 46. Ne6+ Kb4 47. Ra7 a2 48. f5 Na3 0-1

[Event "Early-Titled-Tuesday-Blitz-October-10-2023"]
[Site "Chess.com"]
[Date "2023.10.10"]
[Round "5"]
[White "DerKnipser"]
[Black "Ermito2020"]
[Result "0-1"]
[WhiteElo "2461"]
[BlackElo "2601"]
[TimeControl "180+1"]
[EndTime "8:54:55 PDT"]
[Termination "Ermito2020 won by resignation"]

1. e4 e6 2. d4 d5 3. Nc3 Bb4 4. exd5 exd5 5. Bd3 Nf6 6. Ne2 O-O 7. Bg5 h6 8. Bh4 c6 9. f3 Be6 10. Qd2 Nbd7 11. Nf4 Re8 12. O-O c5 13. a3 Bxc3 14. bxc3 c4 15. Nxe6 fxe6 16. Bg6 Re7 17. Qf4 Qb8 18.
Qe3 Nf8 19. Bxf6 gxf6 20. Bh5 Kg7 21. f4 Qd6 22. Rf3 f5 23. Rg3+ Kh8 24. Rb1 b6 25. a4 Rg7 26. Re1 Rd8 27. Rxg7 Kxg7 28. Qg3+ Kh8 29.
Qh4 Nh7 30. Bg6 Kg7 31. Bxh7 Kxh7 32. Re3 Rg8 33. Qf6 Qxf4 34. Qxe6 Rg7 35. g3 Qg5 36.
Rf3 f4 37. Kg2 fxg3 38. Rxg3 Qd2+ 39. Kh3 Rxg3+ 40. hxg3 Qxc3 41. Qxd5 Qxc2 42. Qe5 Qd3 43. Qe7+ Kg6 44. Qe6+ Kg7 45. Qe7+ Kg6 46. Qe6+ Kg5 47. Qe5+ Qf5+ 48. Qxf5+ Kxf5 49. g4+ Kf4 50. Kh4 c3 51. Kh5 c2 52. Kxh6 c1=Q 53. d5 Ke5+ 0-1

[Event "Early-Titled-Tuesday-Blitz-October-10-2023"]
[Site "Chess.com"]
[Date "2023.10.10"]
[Round "5"]
[White "C_K_G"]
[Black "JiiHart"]
[Result "0-1"]
[WhiteElo "1916"]
[BlackElo "2180"]
[TimeControl "180+1"]
[EndTime "8:54:55 PDT"]
[Termination "JiiHart won by checkmate"]

1. e4 e5 2. Nf3 Nf6 3. Nxe5 d6 4. Nf3 Nxe4 5. Qe2 Qe7 6. d3 Nc5 7. Be3 Nbd7 8. Nc3 c6 9. O-O-O d5 10. h3 Ne6 11. g4 b5 12. Bg2 b4 13. Na4 Bb7 14. Rhe1 h6 15. Qd2 g5 16. d4 Bg7 17.
Kb1 a5 18. Ne5 Nxe5 19. dxe5 Bxe5 20. Bc5 Bd6 21. Bxd6 Qxd6 22. Nb6 Rd8 23. Nc4 Qc7 24. Ne5 O-O 25. h4 f6 26. Nd3 Rfe8 27. hxg5 fxg5 28.
f4 Qg7 29. f5 Nd4 30. Nc5 Bc8 31. Rxe8+ Rxe8 32. Re1 Rxe1+ 33. Qxe1 Qf7 34. Qe5 Nb5 35. Ne6 Bxe6 36. fxe6 Qf2 37. b3 Qxg2 38. Qf6 Na3+ 39. Kb2 Qxg4 40. Ka1 Qf4 41. Qg6+ Kf8 42. Qxh6+ Ke7 43.
Qg7+ Kxe6 44. Qg8+ Kd6 45. Qd8+ Ke6 46. Qe8+ Kd6 47.
Qd8+ Kc5 48. Qf8+ Kb5 49. Qg8 Qd4+ 50. c3 Qxc3# 0-1

[Event "Early-Titled-Tuesday-Blitz-October-10-2023"]
[Site "Chess.com"]
[Date "2023.10.10"]
[Round "5"]
[White "Maksimus1998"]
[Black "emeli_chess"]
[Result "1-0"]
[WhiteElo "2621"]
[BlackElo "2384"]
[TimeControl "180+1"]
[EndTime "8:54:57 PDT"]
[Termination "Maksimus1998 won by resignation"]

1. d4 Nf6 2. Nf3 d5 3. Bf4 e6 4. e3 Bd6 5. Bg3 O-O 6. c4 c5 7. cxd5 exd5 8. Nc3 Nc6 9. Bb5 Ne4 10. O-O Nxc3 11.
bxc3 cxd4 12. Bxd6 Qxd6 13. cxd4 Bf5 14. Bxc6 bxc6 15.
Qa4 Rfb8 16. Rac1 Bd3 17. Rfe1 Bb5 18. Qc2 a5 19. Ne5 Rb6 20. Qf5 Qe6 21. Qxe6 fxe6 22. Nd7 Rb7 23. Nc5 Re7 24. a4 Bc4 25. f4 Rb8 26.
Rb1 Rb4 27. Kf2 Kf7 28. Rxb4 axb4 29. Rb1 b3 30. Ke1 Ra7 31. Kd2 Ke7 32. Kc3 Kd6 33.
Ra1 Ra5 34. Nxb3 Bxb3 35. Kxb3 c5 36. dxc5+ Kxc5 37. Rc1+ Kb6 38. Kb4 Ra8 39. g4 h6 40.
h4 g5 41. fxg5 hxg5 42. h5 e5 43. Rf1 d4 44. Rf6+ Kc7 45. Rf5 d3 46. Kc3 Rxa4 47. Rxg5 e4 48. Rd5 Ra3+ 49. Kd4 d2 50. Kxe4 Ra4+ 51.
Kf3 Ra2 52. h6 Kc6 53. Rd4 Ra4 54. Rxd2 1-0

[Event "Early-Titled-Tuesday-Blitz-October-10-2023"]
[Site "Chess.com"]
[Date "2023.10.10"]
[Round "5"]
[White "cycygogne"]
[Black "masterofpuppets2"]
[Result "1-0"]
[WhiteElo "2278"]
[BlackElo "2509"]
[TimeControl "180+1"]
[EndTime "8:54:58 PDT"]
[Termination "cycygogne won on time"]

1. e4 c5 2. Nf3 Nc6 3. b4 cxb4 4. d4 d5 5. exd5 Qxd5 6. c4 Qe4+ 7. Be2 e6 8. O-O Nf6 9. Bd3 Qg4 10. h3 Qh5 11. d5 Nd8 12. Re1 Be7 13. Re5 g5 14. Rxg5 Qh6 15. Rg8+ Nxg8 16. Bxh6 Nxh6 17. Nbd2 O-O 18. Ne4 f5 19. Neg5 Bf6 20. Rb1 e5 21.
Qd2 e4 22. Nxe4 fxe4 23. Bxe4 Ndf7 24. Qd3 Kh8 25. Bxh7 a5 26. Re1 Ra6 27. c5 a4 28.
d6 Bd7 29. Be4 Rb8 30. Bxb7 Ra7 31. c6 Raxb7 32. cxb7 Rxb7 33. Nd4 b3 34. axb3 a3 35.
Qg6 Bg7 36. Ne6 Bxe6 37. Rxe6 Rb8 38. d7 Rg8 39. Re8 a2 40. Rxg8+ Nxg8 41. d8=Q a1=Q+ 42. Kh2 Nxd8 43. Qh5+ Bh6 44. Qe8 Nc6 45. Qxc6 Qe5+ 46. g3 Nf6 47. Qc8+ Kg7 48. Qb7+ Kg6 49. Qf3 Qb2 50.
Qd3+ Kg7 51. b4 Qxb4 52. g4 Qf4+ 53. Kg2 Bg5 54. Qd8 Kg6 55. Qf8 1-0

[Event "Early-Titled-Tuesday-Blitz-October-10-2023"]
[Site "Chess.com"]
[Date "2023.10.10"]
[Round "5"]
[White "Druid24"]
[Black "OparinGrigoriy"]
[Result "1-0"]
[WhiteElo "2726"]
[BlackElo "2983"]
[TimeControl "180+1"]
[EndTime "8:55:00 PDT"]
[Termination "Druid24 won by resignation"]

1. e4 c5 2. Nc3 Nc6 3. Bb5 Nd4 4. Bc4 e6 5. Nge2 a6 6. a4 Nf6 7. O-O d5 8. exd5 exd5 9. Ba2 Bd6 10. d3 Bg4 11. h3 Nxe2+ 12. Nxe2 Bh5 13. f3 O-O 14. g4 Bg6 15. f4 h6 16. f5 Bh7 17. Bf4 Re8 18.
Qd2 Kf8 19. Rae1 Bg8 20. Bxh6 gxh6 21. Qxh6+ Ke7 22. g5 Kd7 23. Qxf6 Qxf6 24. gxf6 d4 25. Kf2 Be5 26. Bd5 Bxf6 27. Bxb7 Rab8 28. Bxa6 Bh4+ 29. Ng3 Re3 30. Rxe3 dxe3+ 31. Kf3 Rxb2 32. Bb5+ Kc7 33.
Kxe3 Bxg3 34. Rg1 Be5 35. Rxg8 Rxc2 36. Ke4 Bd4 37. Kd5 Rf2 38. Rg5 Kb6 39. Rh5 Bf6 40. Be8 Rf3 41. Ke4 Rf1 42. Bxf7 Re1+ 43. Kd5 Re5+ 44.
Kd6 Re3 45. Bc4 Bd4 46. Rh6 Ka5 47. f6 Rf3 48. f7 Kxa4 49. Kd7 Kb4 50. Ke8 Re3+ 51.
Re6 Rxh3 52. f8=Q Rh8 53. Qxh8 Bxh8 54. Kd7 Kc3 55. Kc6 Bd4 56. Rd6 Bg1 57. Rd5 Kb4 58.
Rg5 Be3 59. Rg2 Bd4 60. Re2 Bg1 61. Re1 Bd4 62. Rb1+ Kc3 63. Rb5 Bg1 64. Rxc5 Kd4 65.
Rg5 Be3 66. Rg4+ Kc3 67. Kd5 Bf2 68. d4 Kd2 1-0

[Event "Early-Titled-Tuesday-Blitz-October-10-2023"]
[Site "Chess.com"]
[Date "2023.10.10"]
[Round "5"]
[White "kreonx"]
[Black "DanyKopy"]
[Result "1-0"]
[WhiteElo "2469"]
[BlackElo "2576"]
[TimeControl "180+1"]
[EndTime "8:55:02 PDT"]
[Termination "kreonx won on time"]

1. e4 c5 2. Nc3 Nc6 3. g3 g6 4.
Bg2 Bg7 5. d3 e6 6. Be3 d6 7.
Qd2 Nd4 8. Nd1 Rb8 9. c3 Nc6 10.
Ne2 b5 11. h3 b4 12. c4 a5 13. O-O a4 14. Rb1 Qa5 15. d4 b3 16. Ndc3 bxa2 17.
Ra1 a3 18. Rxa2 Rxb2 19. Rxb2 axb2 20. dxc5 dxc5 21. Qxb2 Nge7 22. Ra1 Qb4 23. Qa3 Nd4 24. Qxb4 cxb4 25. Bxd4 Bxd4 26. Nxd4 bxc3 27. Rc1 O-O 28. Rxc3 Rd8 29. Ne2 Rd1+ 30. Bf1 e5 31. Rc1 Rd2 32. Nc3 Nc6 33. Rd1 Rc2 34. Rd6 Nd4 35. Nb5 Rc1 36. Rd8+ Kg7 37. Rxc8 Nxb5 38. c5 Nd4 39. Kg2 Rc2 40.
Ba6 Rc3 41. Bb7 Ne6 42. c6 Kf6 43. Rh8 Nd4 44. Rxh7 Nxc6 45. Bxc6 Rxc6 46. Rh8 Rc4 47. Kf3 Rc3+ 48. Ke2 Rc4 49. f3 Rc2+ 50. Kd3 Rg2 51.
g4 Ra2 52. h4 Ra3+ 53. Ke2 Ra2+ 54. Ke3 Ra3+ 55. Kf2 Ra2+ 56. Kg3 Ra3 57. Rh7 Rb3 58.
g5+ Ke6 59. h5 gxh5 60. Rh6+ 1-0

[Event "Early-Titled-Tuesday-Blitz-October-10-2023"]
[Site "Chess.com"]
[Date "2023.10.10"]
[Round "5"]
[White "kleopl"]
[Black "ilm2034"]
[Result "1-0"]
[WhiteElo "2470"]
[BlackElo "2572"]
[TimeControl "180+1"]
[EndTime "8:55:03 PDT"]
[Termination "kleopl won by resignation"]

1. e4 d6 2. d4 Nf6 3. Nc3 Nbd7 4. Be3 e5 5. Nge2 Be7 6. h3 c6 7. Qd2 Qa5 8. O-O-O Nb6 9. Ng3 Be6 10. Kb1 O-O 11.
Nd5 Qa4 12. b3 Qa3 13. Nxe7+ Kh8 14. Nef5 a5 15. Qc1 Qxc1+ 16. Bxc1 a4 17. Bb2 axb3 18. axb3 exd4 19. Bxd4 c5 20. Bb2 d5 21. exd5 Nbxd5 22.
Bc4 b5 23. Bxd5 Nxd5 24. Bxg7+ Kg8 25. Bxf8 Kxf8 26. Rxd5 Bxd5 27. Ne3 Be6 28. Rd1 c4 29. bxc4 bxc4 30. Rd4 c3 31. Ne4 Ra3 32. Nd5 f5 33. Nexc3 Kf7 34. Kb2 Ra5 35. Nf4 Bc8 36. Rc4 Ba6 37. Rc7+ Kf6 38. Rxh7 Bf1 39. h4 Ra8 40.
Rh6+ Ke5 41. g3 Rb8+ 42. Kc1 Kd4 43. Nce2+ Ke4 44. Re6+ Kf3 45. Nd4+ Kxf2 46. Nfe2 Bh3 47. Rf6 Ke3 48. h5 Bg4 49. h6 Rh8 50. Re6+ Kf2 51. Nf4 Rd8 52. Nd3+ Kxg3 53. Nc6 Rh8 54. Nce5 Bh3 55. Nf7 Rh7 56. Rg6+ Kh4 57. Ng5 Rh8 58. Nxh3 Kxh3 59. Rf6 Kg4 60. Ne5+ Kh3 61. Rg6 f4 62. Nf7 Ra8 63. h7 f3 64. h8=Q+ Rxh8 65. Nxh8 f2 66.
Rf6 Kg2 67. Rxf2+ Kxf2 68. Kd2 Kf3 69. Kd3 Kf4 70. Kd4 Kf5 71. Kd5 Kf6 72. c4 Ke7 73. Kc6 Kd8 74. Kb7 Kd7 75. c5 Ke6 76. c6 Kf6 77. c7 Kg7 78. c8=Q Kh7 79. Qd7+ Kg8 80. Qc7 Kxh8 81. Kc6 Kg8 82. Kd6 Kh8 83. Ke6 Kg8 84. Kf6 1-0

[Event "Early-Titled-Tuesday-Blitz-October-10-2023"]
[Site "Chess.com"]
[Date "2023.10.10"]
[Round "5"]
[White "MMAHDI2013"]
[Black "rikchessmx"]
[Result "1/2-1/2"]
[WhiteElo "2489"]
[BlackElo "2299"]
[TimeControl "180+1"]
[EndTime "8:55:04 PDT"]
[Termination "Game drawn by repetition"]

1. c4 Nf6 2. Nf3 c5 3. b3 Nc6 4. Bb2 d6 5. g3 e5 6. Bg2 Be7 7. O-O O-O 8. d3 Nd7 9. Nc3 f5 10. e3 Nf6 11. Nd5 Nxd5 12. cxd5 Nb4 13. Ne1 b6 14. a3 Na6 15. f4 Bf6 16. fxe5 dxe5 17. e4 g6 18. Nf3 Qd6 19. Nd2 b5 20. a4 Nb4 21. axb5 Nxd3 22. Nc4 Nxb2 23. Nxd6 Nxd1 24. Rfxd1 Bd7 25. Rac1 Be7 26. Nb7 Bg5 27. Rc3 Bxb5 28. h4 Bd8 29. Nxc5 Bb6 30. b4 a5 31. bxa5 Rxa5 32. Kh2 Be2 33. Re1 Bxc5 34. Rxe2 Bd4 35. Rc7 f4 36. gxf4 Rxf4 37. d6 Ra8 38. d7 Rff8 39. Rec2 Rad8 40. Bh3 Kf7 41. Rc8 Ke7 42. Kg3 Bb6 43. R2c6 Bf2+ 44. Kg2 Bxh4 45. Rxd8 Rxd8 46. Bg4 Bf6 47. Re6+ Kf7 48. Rc6 h5 49. Bh3 g5 50.
Bf5 g4 51. Be6+ Ke7 52. Bf5 Bg5 53. Rg6 Bf6 54. Rh6 Rh8 55. Rg6 Rd8 56. Kg1 Rh8 57. Kg2 Rd8 1/2-1/2

[Event "Early-Titled-Tuesday-Blitz-October-10-2023"]
[Site "Chess.com"]
[Date "2023.10.10"]
[Round "5"]
[White "mortngabriel"]
[Black "amylazy"]
[Result "1/2-1/2"]
[WhiteElo "2532"]
[BlackElo "2412"]
[TimeControl "180+1"]
[EndTime "8:55:05 PDT"]
[Termination "Game drawn by repetition"]

1. e4 c5 2. Nf3 e6 3. d4 cxd4 4. Nxd4 a6 5. Bd3 Bc5 6. Nb3 Be7 7.
O-O d6 8. c4 Nf6 9. Nc3 O-O 10.
Be3 Nbd7 11. Rc1 b6 12. h3 Bb7 13. Qe2 Qc7 14. f4 Rfe8 15. g4 Nc5 16. Nxc5 dxc5 17. g5 Nd7 18. e5 Nf8 19. h4 Rad8 20. Bc2 b5 21. b3 Qa5 22. cxb5 axb5 23. Qxb5 Qa8 24.
Rf2 Ba6 25. Qa4 Qc8 26. Be4 Bd3 27. h5 Bxe4 28. Nxe4 Qb7 29. Qc4 Rd5 30. Rcf1 Red8 31. Rg2 Rd1 32. Rxd1 Rxd1+ 33. Kh2 Qd7 34. Bxc5 Bxc5 35.
Nxc5 Qe7 36. Ne4 h6 37. Nf6+ Kh8 38. Qc2 Rd8 39. Qe2 gxf6 40. gxf6 Qb4 41. Qg4 Ng6 42.
hxg6 fxg6 43. f7 Rf8 44. Qh4 Kh7 45. Qf6 Qe4 46. Rg3 Qe2+ 47. Rg2 Qh5+ 48. Kg3 Qh1 49. Rh2 Qe1+ 50. Kh3 Qe3+ 51. Kg2 Qe2+ 52. Kg3 Qe3+ 53.
Kg4 Qg1+ 54. Kh3 Qe3+ 55. Kg2 Qe2+ 56. Kg3 Qe3+ 57. Kh4 Qe1+ 58. Kh3 Qe3+ 1/2-1/2

[Event "Early-Titled-Tuesday-Blitz-October-10-2023"]
[Site "Chess.com"]
[Date "2023.10.10"]
[Round "5"]
[White "FairChess_on_YouTube"]
[Black "BardArtem"]
[Result "1-0"]
[WhiteElo "3059"]
[BlackElo "2837"]
[TimeControl "180+1"]
[EndTime "8:55:06 PDT"]
[Termination "FairChess_on_YouTube won by resignation"]

1. c4 c6 2. Nf3 d5 3. d4 Nf6 4. Qc2 dxc4 5. e4 b5 6. b3 cxb3 7. axb3 g6 8. Bf4 Bg7 9. Be2 O-O 10. O-O a5 11. Rd1 Bb7 12. Nc3 Na6 13. Qd2 Re8 14. e5 Nd5 15. e6 fxe6 16. Ng5 Bc8 17. Nce4 Rf8 18. Bg3 e5 19. dxe5 Bf5 20. Rxa5 h6 21.
Rxa6 Rxa6 22. Nc5 hxg5 23. Nxa6 Qb6 24. Nb4 Rd8 25. Nxd5 Rxd5 26. Qxg5 Rxd1+ 27. Bxd1 Qd4 28. Qc1 Bxe5 29. Bxe5 Qxe5 30. Bf3 c5 31. h4 Qd4 32. h5 Kg7 33. Qg5 Qa1+ 34. Kh2 Qe5+ 35. Kg1 Qf6 36.
Qe3 Qa1+ 37. Kh2 Qf6 38. Qxc5 gxh5 39. Qxb5 Bg4 40. Bxg4 Qf4+ 41. Kg1 hxg4 42. g3 Qc1+ 43. Kg2 Qe1 44. Qc4 Kf8 45. Qxg4 Qb1 46. Qc4 Qb2 47.
b4 e5 48. b5 e4 49. Qc6 e3 50. Qh6+ Kg8 51. Qg5+ Kh8 52. Qxe3 Qxb5 53. g4 Qb7+ 54.
Kg3 Qc7+ 55. f4 Kg8 56. Qe6+ Qf7 57. Qxf7+ Kh8 58. Qf8+ 1-0

[Event "Early-Titled-Tuesday-Blitz-October-10-2023"]
[Site "Chess.com"]
[Date "2023.10.10"]
[Round "5"]
[White "ContrVersia"]
[Black "Rodalquilar"]
[Result "1/2-1/2"]
[WhiteElo "2896"]
[BlackElo "2756"]
[TimeControl "180+1"]
[EndTime "8:55:06 PDT"]
[Termination "Game drawn by stalemate"]

1. Nf3 d5 2. c4 e6 3. g3 Nf6 4.
Bg2 Be7 5. b3 O-O 6. O-O a5 7.
Nc3 c6 8. Bb2 b6 9. d3 Ba6 10. Qc2 Nbd7 11. e4 Rc8 12. e5 Ne8 13. Rfe1 b5 14. Bf1 Nc7 15. h4 f5 16. exf6 Bxf6 17.
Bg2 bxc4 18. dxc4 dxc4 19. Rad1 Nd5 20. bxc4 Bxc4 21. Ne4 Bxb2 22. Neg5 Rf5 23. Qxc4 Nf8 24. Nxe6 Nxe6 25. Rxe6 Qd7 26. Re2 Qb7 27. Rb1 Qf7 28.
Ng5 Rxg5 29. hxg5 Ba3 30. Bxd5 Qxd5 31. Qxd5+ cxd5 32. Rd1 Rc5 33. Re5 Bb4 34. Rdxd5 Rc2 35. Rd7 Kf8 36. Rb5 Rc1+ 37. Kg2 Rc8 38. Rbb7 Bc3 39.
Rdc7 Rxc7 40. Rxc7 Bd2 41. f4 Kg8 42. Kf3 Bb4 43. Ke4 Kf8 44. Rc2 Be1 45. g4 Bb4 46.
Rc7 Bd6 47. Ra7 Bb4 48. f5 Bd2 49. f6 Bxg5 50. fxg7+ Kg8 51. Kf5 Bd2 52. g5 Bc3 53.
g6 h6 54. Kg4 Bd2 55. Kh5 Bc3 56. Kxh6 Bd2+ 57. Kh5 Bc3 58. Kg4 Bd2 59. a4 Bc3 60. Kf5 Bb4 61. Ke4 Bc3 62. Kd5 Bd2 63. Kc4 Be3 64.
Rxa5 Ba7 65. Rxa7 1/2-1/2

[Event "Early-Titled-Tuesday-Blitz-October-10-2023"]
[Site "Chess.com"]
[Date "2023.10.10"]
[Round "5"]
[White "LeninGuerra"]
[Black "aaaao"]
[Result "1-0"]
[WhiteElo "2588"]
[BlackElo "2725"]
[TimeControl "180+1"]
[EndTime "8:55:08 PDT"]
[Termination "LeninGuerra won by resignation"]

1. e4 e6 2. d4 d5 3. Nd2 Ne7 4. Ngf3 Nd7 5. Bd3 c5 6. exd5 Nxd5 7. O-O Be7 8. Ne4 cxd4 9. Nxd4 Ne5 10. Bb5+ Bd7 11.
c4 Nf6 12. Bf4 Nxe4 13. Bxe5 Bf6 14. Re1 Bxe5 15. Rxe4 Bxb5 16. Rxe5 Bd7 17. Qe1 O-O 18. Rd1 Qf6 19. b3 Rfd8 20. h3 h6 21. Rd3 Bc6 22.
Qe2 Rac8 23. Nxc6 Rxd3 24. Qxd3 Rxc6 25. Re1 Rc7 26. Rd1 g6 27. Qd8+ Qxd8 28. Rxd8+ Kg7 29. Kf1 Kf6 30. Ke2 h5 31. Ra8 a6 32. Rd8 Ke7 33. Rd4 e5 34. Rd5 Ke6 35. Ke3 f5 36. f4 e4 37. Re5+ Kf6 38. Rd5 Ke6 39. Re5+ Kd6 40.
g4 hxg4 41. hxg4 Rf7 42. b4 Kc6 43. a4 Kd6 44. c5+ Kc6 45. Re6+ Kd5 46. Rxg6 fxg4 47.
Rd6+ Kc4 48. Rd4+ Kb3 49. Rxe4 Kxa4 50. Kf2 a5 51. bxa5+ Kxa5 52. Kg3 Kb5 53. Re5 Rg7 54. Rg5 Rf7 55. Kxg4 Kc6 56. Re5 Rf8 57. f5 Rd8 58. f6 Rf8 59. Kf5 Kd7 60. Kg6 Rg8+ 61. Kf7 Rg1 62.
Re7+ Kc6 63. Kf8 Rg6 64. f7 Kxc5 65. Ke8 Rc6 66. Rxb7 Kd6 1-0

[Event "Early-Titled-Tuesday-Blitz-October-10-2023"]
[Site "Chess.com"]
[Date "2023.10.10"]
[Round "5"]
[White "Pawnpusher1245"]
[Black "a-z30"]
[Result "1-0"]
[WhiteElo "2333"]
[BlackElo "2479"]
[TimeControl "180+1"]
[EndTime "8:55:08 PDT"]
[Termination "Pawnpusher1245 won by checkmate"]

1. e4 d6 2. d4 Nf6 3. Nc3 g6 4. Be3 Bg7 5. Qd2 h6 6. O-O-O c6 7. h4 Nbd7 8. h5 g5 9. f4 Ng4 10. fxg5 Nxe3 11. Qxe3 hxg5 12. Kb1 e5 13. d5 c5 14.
Nf3 Bh6 15. Qf2 Nf6 16. Bb5+ Kf8 17. Nd2 a6 18. Be2 Ng4 19. Bxg4 Bxg4 20. Rdf1 Qe7 21. Nd1 Bxd1 22. Rxd1 g4 23. Nf1 Bf4 24. g3 Bg5 25. Nh2 Qd7 26. Qe2 Kg7 27. Nxg4 Rag8 28.
Qf3 Kf8 29. Rdf1 Rh7 30. h6 Rg6 31. Qf5 Qxf5 32. exf5 Rg8 33. c4 b5 34. b3 b4 35.
Kb2 f6 36. a3 a5 37. axb4 cxb4 38. Ra1 Ra7 39. Ra4 Rh8 40. Kc2 Kf7 41. Kd3 Ke7 42. Ke4 Kd7 43. Rha1 Kc7 44. Rxa5 Rxa5 45. Rxa5 Bxh6 46.
Rb5 Bg5 47. Rxb4 Rh3 48. Kf3 Rh1 49. Ra4 Re1 50. Nf2 Re3+ 51. Kg2 Rxb3 52. Ra6 Rc3 53.
Rc6+ Kd7 54. Ne4 Rc2+ 55. Kf3 Bc1 56. Rxd6+ Ke7 57. Re6+ Kd7 58. Nxf6+ Kc8 59. Ne4 Kb7 60. f6 Bb2 61. f7 Rc1 62. f8=Q Rf1+ 63. Nf2 Bd4 64.
Qf7+ Kc8 65. Re8# 1-0

[Event "Early-Titled-Tuesday-Blitz-October-10-2023"]
[Site "Chess.com"]
[Date "2023.10.10"]
[Round "5"]
[White "Dedic8"]
[Black "GMBenjaminBok"]
[Result "1/2-1/2"]
[WhiteElo "2845"]
[BlackElo "3015"]
[TimeControl "180+1"]
[EndTime "8:55:10 PDT"]
[Termination "Game drawn by stalemate"]

1. d4 Nf6 2. c4 e6 3. Nc3 Bb4 4. e3 O-O 5. Bd3 d5 6. cxd5 exd5 7. a3 Bd6 8. Nge2 Re8 9. Qc2 b6 10. Nb5 c5 11. Nxd6 Qxd6 12. dxc5 bxc5 13. b3 Ba6 14. Bxa6 Qxa6 15. O-O Nbd7 16. Nf4 Rab8 17. Bb2 Qb6 18. b4 cxb4 19. Bd4 Qd6 20. axb4 Rxb4 21. Bxf6 Nxf6 22. Rxa7 h6 23. h3 Qb8 24. Rfa1 d4 25. Qa2 Rb7 26. Ra8 Qxa8 27. Qxa8 Rxa8 28. Rxa8+ Kh7 29. exd4 g5 30.
Nd3 Rb1+ 31. Kh2 Rd1 32. Ne5 Ne4 33. Ra7 Rxd4 34. Rxf7+ Kg8 35. Re7 Nxf2 36. Re6 Kg7 37. Rg6+ Kh7 38. Re6 Re4 39. Re7+ Kg8 40. Ng6 Rxe7 41.
Nxe7+ Kf7 42. Nf5 h5 43. Kg3 Ne4+ 44. Kf3 Nf6 45. Ne3 Ke6 46. g3 Ke5 47. Ng2 Kd4 48.
Ne3 Ke5 49. Ng2 Ne4 50. Ne3 Nd2+ 51. Ke2 Nb3 52. Kf3 Nd4+ 53. Kf2 Ke4 54. Ng2 Nc6 55. h4 gxh4 56. Nxh4 Ne5 57. Kg2 Nd3 58. Ng6 Kf5 59. Nf4 Nxf4+ 60. gxf4 Kxf4 61. Kh3 Kg5 62. Kg3 h4+ 63. Kh3 Kh5 64. Kg2 Kg4 65. Kh2 h3 66. Kh1 Kg3 67. Kg1 h2+ 68. Kh1 Kh3 1/2-1/2